 Dungeon Crawl Stone Soup version 0.20-a0-1127-g1289703 (webtiles) character file.

147 Lexie the Firebug (level 5, -1/31 HPs)
             Began as an Octopode Fire Elementalist on May 18, 2017.
             Slain by a rat (2 damage)
             ... on level 2 of the Dungeon.
             The game lasted 00:04:13 (3499 turns).

Lexie the Firebug (Octopode Fire Elementalist)      Turns: 3499, Time: 00:04:14

Health: -1/31      AC:  1    Str:  8    XL:     5   Next: 29%
Magic:  2/9        EV: 13    Int: 18    God:
Gold:   69         SH:  0    Dex: 12    Spells: 4/10 levels left

rFire    . . .     SeeInvis .   e - +1 dagger (protect)
rCold    . . .     Gourm    .   (no shield)
rNeg     . . .     Faith    .   (helmet restricted)
rPois    .         Spirit   .   (no amulet)
rElec    .         Reflect  .   (no ring)
rCorr    .         Harm     .   (no ring)
MR       .....                  (no ring)
Stlth    ++........             (no ring)
Regen    0.1/turn               (no ring)
MPRegen  0.2/turn               (no ring)
                                (no ring)
                                (no ring)

@: lethally poisoned (-1 -> -9), glowing
A: almost no armour, stealthy swim, amphibious, 8 rings, constrict 8, camouflage
1, gelatinous body 1
a: no special abilities


You were on level 2 of the Dungeon.
You were not hungry.

You visited 1 branch of the dungeon, and saw 3 of its levels.

You collected 69 gold pieces.

Inventory:

Hand Weapons
 e - a +1 dagger of protection (weapon)
Scrolls
 c - 4 scrolls of identify {unknown}
 d - a scroll of fog {unknown}
 g - 2 scrolls of remove curse {unknown}
 h - a scroll of recharging {unknown}
 i - a scroll of teleportation {unknown}
Potions
 j - 4 potions of haste {unknown}
 m - a potion of lignification {unknown}
Books
 a - a book of Flames

   Spells                             Type                      Level
   a - Flame Tongue                   Conjuration/Fire             1
   b - Throw Flame                    Conjuration/Fire             2
   c - Conjure Flame                  Conjuration/Fire             3
   d - Inner Flame                    Hexes/Fire                   3
   e - Sticky Flame                   Conjuration/Fire             4
   f - Fireball                       Conjuration/Fire             5
Comestibles
 b - 2 bread rations
 f - 2 chunks of flesh
 k - 3 fruits
 l - a meat ration


   Skills:
 - Level 2.0 Dodging
 - Level 2.6 Stealth
 * Level 3.3 Spellcasting
 * Level 3.2 Conjurations
 + Level 3.8 Fire Magic


You had 4 spell levels left.
You knew the following spells:

 Your Spells              Type           Power        Failure   Level  Hunger
a - Flame Tongue          Conj/Fire      ###..        3%          1    None
b - Throw Flame           Conj/Fire      ###...       5%          2    ##.....
c - Conjure Flame         Conj/Fire      ###.....     11%         3    ###....


Dungeon Overview and Level Annotations

Branches:
Dungeon (3/15)

Altars:
Fedhas
Kikubaaqudgha
Ru
Trog

Annotations:
D:3 morbho's ghost, amateur DEEn


Innate Abilities, Weirdness & Mutations

You cannot wear most types of armour.
You are very stealthy in the water. (Stealth+)
You are amphibious.
You can wear up to eight rings at the same time.
You can use your tentacles to constrict eight enemies at once.
Your skin changes colour to match your surroundings (Stealth+).
Your rubbery body absorbs attacks. (AC +1, EV +1)


Message History

* * * LOW HITPOINT WARNING * * *
You feel sick.
There is a stone staircase leading down here.
Casting: Flame Tongue
Confirm with . or Enter, or press ? or * to list all spells.
Aiming: Flame Tongue
Press: ? - help, Shift-Dir - straight line, f - rat
Aim: a rat The flame tongue misses the rat.
* * * LOW HITPOINT WARNING * * *
You feel sick. The rat bites you but does no damage.
Casting: Flame Tongue
Confirm with . or Enter, or press ? or * to list all spells.
Aiming: Flame Tongue
Press: ? - help, Shift-Dir - straight line, f/p - rat
Aim: a rat The flame tongue misses the rat.
* * * LOW HITPOINT WARNING * * *
You feel sick. The rat bites you.
You die...

.# #...#...#.##.# #.#.#######.
.####.....###.##.# #.#.# ####.
.......#.## #.##.## #.#.####....
.#####.#.####.#...####...........
.# #.#.#......#....###.####.##.
.#####.#.#.##.#...##)# #.# #.##.
..............##.###.# #.####.##.
.###..####.#####.###.###.........
...........)...r@##...######.#...
.###..####.#####............##.##
.# #.............##...######.#.#
.# ##.####.#########.## ##..# .#
#.####.#########.########..# .#
#.......()..........>......## .#
######.######................ .#
#...........#######..... .#
########.#### #.....


You could see a rat.

Vanquished Creatures
  An orc wizard (D:3)
  4 adders
  2 oozes (D:1)
  2 worms
  3 leopard geckos
  4 orcs
  5 giant cockroaches
  7 goblins
  7 hobgoblins
  3 jackals (D:2)
  10 kobolds
  5 bats
  4 frilled lizards
  7 rats
64 creatures vanquished.

Notes
Turn   | Place    | Note
-------+----------+-------------------------------------------
     0 | D:1      | Lexie the Octopode Fire Elementalist began the quest for the Orb.
     0 | D:1      | Reached XP level 1. HP: 11/11 MP: 3/3
   654 | D:1      | Reached XP level 2. HP: 14/17 MP: 3/5
  1381 | D:1      | Reached XP level 3. HP: 21/21 MP: 2/6
  1466 | D:1      | Found a blossoming altar of Fedhas.
  1863 | D:2      | Found an ancient bone altar of Kikubaaqudgha.
  1879 | D:2      | Learned a level 2 spell: Throw Flame
  1883 | D:2      | Learned a level 3 spell: Conjure Flame
  2055 | D:2      | Reached XP level 4. HP: 27/27 MP: 4/8
  2117 | D:2      | Found a sacrificial altar of Ru.
  2584 | D:3      | Found a bloodstained altar of Trog.
  2816 | D:3      | Noticed morbho's ghost (amateur DEEn)
  3306 | D:3      | Reached XP level 5. HP: 28/31 MP: 4/9
  3499 | D:2      | HP: 1/31 [poisoned by morbho's ghost]
  3499 | D:2      | Slain by a rat

Vault maps used:
D:1:      dpeg_arrival_water_altar, grunt_decor_mini_mirrors
D:2:      overflow_temple_1_default, nicolae_ru_path_of_blood
D:3:      grunt_temple_overflow_open, first_bread, minmay_checkerbox

Skill      XL: |  1  2  3  4  5 |
---------------+----------------+-----
Conjurations   | 2 3 |  3.2
Spellcasting   | 3 |  3.3
Dodging        | |  2.0
Stealth        | |  2.6
Fire Magic     | |  3.8

Action                   |  1- 3 |  4- 6 || total
-------------------------+-------+-------++-------
Melee: Unarmed           |    10 |       ||    10
       Constrict         |     5 |     4 ||     9
       Dagger            |    10 |    13 ||    23
       Tentacles         |     2 |     4 ||     6
 Cast: Flame Tongue      |    51 |    72 ||   123
 Stab: Sleeping          |     1 |       ||     1
  Eat: Chunk             |     4 |     4 ||     8
Armor: Skin              |    10 |     2 ||    12
Dodge: Dodged            |    26 |    24 ||    50
